 Dungeon Sprint DCSS version 0.23.2-11-gf996548c65 (webtiles) character file.

Game seed: 3013120462209953137

945 Kobolds4U the Cleaver (level 7, -5/74 HPs)
             Began as a Minotaur Fighter on June 3, 2019.
             Was a Follower of Okawaru.
             Slain by a sun demon (21 damage)
             ... summoned by a kobold demonologist
             ... in the Dungeon (Sprint I: "Red Sonja").
             The game lasted 00:03:24 (721 turns).

Kobolds4U the Cleaver (Minotaur Fighter)             Turns: 721, Time: 00:03:25

Health: -5/74      AC: 10    Str: 20    XL:     7   Next: 89%
Magic:  4/6        EV: 11    Int:  5    God:    Okawaru [*.....]
Gold:   405        SH: 11    Dex: 12    Spells: 6/6 levels left

rFire    . . .     SeeInvis .   a - +0 war axe
rCold    . . .     Gourm    .   c - +0 shield
rNeg     . . .     Faith    .   b - +0 scale mail
rPois    .         Spirit   .   (helmet restricted)
rElec    .         Reflect  .   (no cloak)
rCorr    .         Harm     .   (no gloves)
MR       .....     NoTele   +   (no boots)
Stlth    +.........             (no amulet)
HPRegen  0.22/turn              (no ring)
MPRegen  0.10/turn              (no ring)

@: lethally poisoned (-5 -> -16), heroism
A: retaliatory headbutt, horns 2
a: Heroism, Renounce Religion


You were in the Dungeon.
You worshipped Okawaru.
Okawaru was aware of your devotion.
You were not hungry.

You visited 1 branch You collected 405 gold pieces.

Inventory:

Hand Weapons
 a - a +0 war axe (weapon)
Armour
 b - a +0 scale mail (worn)
 c - a +0 shield (worn)
 j - a +0 pair of gloves
Wands
 l - a wand of scattershot (4)
Scrolls
 k - a scroll of blinking
Potions
 d - a potion of might
 e - a potion of curing
 g - a potion of heal wounds
 h - a potion of haste
 i - 2 potions of magic
Comestibles
 f - 2 rations


   Skills:
 + Level 11.2(16.2) Fighting
 * Level 14.5(19.5) Axes
 * Level 9.9(14.9) Armour
 - Level 3.6(8.6) Shields


You had 6 spell levels left.
You didn't know any spells.
Your spell library was empty.

Dungeon Overview and Level Annotations

Branches:
Dungeon (1/1)

Altars:
Cheibriados
Dithmenos
Elyvilon
Fedhas
Gozag
Hepliaklqana
Kikubaaqudgha
Makhleb
Nemelex Xobeh
Okawaru
Qazlal
Ru
Sif Muna
Trog
Uskayaw
Vehumet
Wu Jian
Xom
Yredelemnul
Zin
The Shining One
Jiyva
Lugonu

Shops:
D [


Innate Abilities, Weirdness & Mutations

You reflexively headbutt those who attack you in melee.
You have a pair of horns on your head.


Message History

Your headbutt misses the kobold demonologist.
The kobold demonologist is heavily wounded.
Your shield and scale mail prevent you from hitting the hellwing.
You hit the sun demon but do no damage.
You feel sick.
The kobold demonologist hits you but does no damage.
You block the hellwing's attack. The hellwing closely misses you.
You gain the combat prowess of a mighty hero.
You feel sick.
The kobold demonologist hits you but does no damage.
The sun demon closely misses you. You furiously retaliate!
You headbutt the sun demon, but do no damage.
The hellwing hits you but does no damage. x2
You slash the kobold demonologist!
You headbutt the kobold demonologist, but do no damage.
The kobold demonologist is almost dead.
You completely miss the sun demon. You closely miss the hellwing.
You feel sick.
The kobold demonologist hits you but does no damage.
The sun demon hits you!!
You die...

#####################
.)..#..'..#__#.4@33.#
.#..').#..'..'..#K..#
###'#####'#__####...+
##..#...#.#### ####
_####..##.#
____##'#_.+
.∩...÷..._#
..__##_.#'#
____###+#.#


You could see a sun demon, a hellwing, a kobold demonologist and a neqoxec.

Vanquished Creatures
  A kobold demonologist (D)
  A slime creature (D)
  Sigmund (D)
  A yak (D)
  A floating eye (D)
  An ogre (D)
  A jelly (D)
  Ijyb (D)
8 creatures vanquished.

Notes
Turn   | Place    | Note
-------+----------+-------------------------------------------
     0 | D        | Kobolds4U the Minotaur Fighter began the quest for the Orb.
     0 | D        | Reached XP level 1. HP: 19/19 MP: 0/0
     1 | D        | Noticed Ijyb
    13 | D        | Killed Ijyb
    13 | D        | Reached skill level 5 in Fighting
    13 | D        | Reached skill level 6 in Axes
    13 | D        | Reached XP level 2. HP: 22/29 MP: 1/1
    82 | D        | Noticed an ogre
    86 | D        | Killed an ogre
    86 | D        | Reached skill level 9 in Axes
    86 | D        | Reached XP level 3. HP: 24/39 MP: 2/2
    86 | D        | Reached XP level 4. HP: 30/47 MP: 3/3
   256 | D        | Noticed Sigmund
   262 | D        | Killed Sigmund
   262 | D        | Reached skill level 12 in Axes
   262 | D        | Reached XP level 5. HP: 40/57 MP: 4/4
   362 | D        | Found a deep blue altar of Sif Muna.
   363 | D        | Found an ornate altar of the Wu Jian Council.
   364 | D        | Found a radiant altar of Vehumet.
   369 | D        | Reached XP level 6. HP: 52/64 MP: 5/5
   429 | D        | Found Niecioll's Armour Emporium.
   429 | D        | Found an ancient bone altar of Kikubaaqudgha.
   429 | D        | Found a hazy altar of Hepliaklqana.
   429 | D        | Found a stormy altar of Qazlal.
   429 | D        | Found a hide-covered altar of Uskayaw.
   429 | D        | Found a blossoming altar of Fedhas.
   429 | D        | Found a bloodstained altar of Trog.
   429 | D        | Found an iron altar of Okawaru.
   429 | D        | Found a basalt altar of Yredelemnul.
   429 | D        | Found a glowing golden altar of the Shining One.
   429 | D        | Found a snail-covered altar of Cheibriados.
   429 | D        | Found a sacrificial altar of Ru.
   429 | D        | Found a glowing silver altar of Zin.
   429 | D        | Found a shadowy altar of Dithmenos.
   429 | D        | Found a white marble altar of Elyvilon.
   429 | D        | Noticed a yak
   436 | D        | Killed a yak
   436 | D        | Reached skill level 10 in Fighting
   436 | D        | Reached skill level 13 in Axes
   437 | D        | Found an opulent altar of Gozag.
   440 | D        | Found a sparkling altar of Nemelex Xobeh.
   568 | D        | Became a worshipper of Warmaster Okawaru
   581 | D        | Found a burning altar of Makhleb.
   581 | D        | Found a viscous altar of Jiyva.
   581 | D        | Found a shimmering altar of Xom.
   581 | D        | Found a corrupted altar of Lugonu.
   581 | D        | Noticed a slime creature
   586 | D        | Killed a slime creature
   586 | D        | Reached XP level 7. HP: 48/73 MP: 6/6
   707 | D        | Noticed a kobold demonologist
   708 | D        | Noticed a kobold demonologist
   712 | D        | Noticed a hellwing
   712 | D        | Reached * piety under Okawaru
   712 | D        | Reached skill level 14 in Axes
   713 | D        | Noticed a neqoxec
   715 | D        | Noticed a sun demon
   716 | D        | Killed a kobold demonologist
   721 | D        | Slain by a sun demon

Skill      XL: |  1  2  3  4  5  6  7 |
---------------+----------------------+-----
Fighting       | 5 7 9 10 11 | 11.2
Axes           | 6 9 12 13 14 | 14.5
Armour         | 4 8 9 |  9.9
Shields        | |  3.6

Action                   |  1- 3 |  4- 6 |  7- 9 || total
-------------------------+-------+-------+-------++-------
Melee: War axe           |    12 |    20 |    12 ||    44
       Headbutt          |       |     5 |     3 ||     8
Invok: Heroism           |       |       |     1 ||     1
  Use: Potion            |     1 |       |       ||     1
Armor: Scale mail        |     5 |       |     9 ||    14
Dodge: Dodged            |     3 |     2 |     3 ||     8
Block: Shield            |     5 |     6 |     3 ||    14
